 Dungeon Crawl Stone Soup version 0.24-a0-487-g57318f2ed0 (webtiles) character file.

Game seed: 3269864327803857785

73 Mithandil the Conjurer (level 4, -5/24 HPs)
             Began as a Deep Elf Conjurer on July 11, 2019.
             Killed by divine providence
             ... invoked by an orc priest
              (15 damage)
             ... on level 3 of the Dungeon.
             The game lasted 00:16:11 (1672 turns).

Mithandil the Conjurer (Deep Elf Conjurer)          Turns: 1672, Time: 00:16:12

Health: -5/24      AC:  3    Str:  5    XL:     4   Next: 8%
Magic:  0/12       EV: 13    Int: 21    God:
Gold:   177        SH:  0    Dex: 15    Spells: 8/11 levels left

rFire    . . .     SeeInvis .   a - +0 dagger
rCold    . . .     Gourm    .   (no shield)
rNeg     . . .     Faith    .   k - +0 robe
rPois    .         Spirit   .   (no helmet)
rElec    .         Reflect  .   o - +0 cloak
rCorr    .         Harm     .   (no gloves)
MR       .....                  (no boots)
Stlth    ++++......             (no amulet)
HPRegen  0.08/turn              m - ring of stealth
MPRegen  0.13/turn              q - ring of stealth

@: no status effects
A: no striking features
a: no special abilities


You were on level 3 of the Dungeon.
You were not hungry.

You visited 1 branch of the dungeon, and saw 4 of its levels.

You collected 177 gold pieces.

Inventory:

Hand Weapons
 a - a +0 dagger (weapon)
 b - a +0 short sword
Missiles
 f - 19 arrows
 g - 80 stones (quivered)
Armour
 k - a +0 robe (worn)
 o - a +0 cloak (worn)
 r - a +0 ring mail
Jewellery
 m - a ring of stealth (left hand)
 q - a ring of stealth (right hand)
Scrolls
 l - a scroll of amnesia {unknown}
 n - a scroll of magic mapping
Potions
 d - a potion of curing {unknown}
 e - a potion of brilliance {unknown}
 i - a potion of haste {unknown}
 j - a potion of cancellation {unknown}
 p - a potion of lignification {unknown}
Comestibles
 c - 6 rations
 h - 4 chunks of flesh


   Skills:
 - Level 2.4 Dodging
 + Level 3.3 Stealth
 * Level 4.4 Spellcasting
 * Level 5.1 Conjurations


You had 8 spell levels left.
You knew the following spells:

 Your Spells              Type           Power        Failure   Level  Hunger
a - Magic Dart            Conj           ####         1%          1    None
b - Searing Ray           Conj           ####..       1%          2    #......

Your spell library contained the following spells:

 Spells                   Type           Power        Failure   Level  Hunger
 Dazzling Spray           Conj/Hex       ###...       12%         3    ##.....
 Iskenderun's Mystic Bla  Conj           ####....     14%         4    ####...
 Force Lance              Conj/Tloc      ###.....     36%         4    ####...
 Fulminant Prism          Conj/Hex       ###.......   36%         4    ####...


Dungeon Overview and Level Annotations

Branches:
Dungeon (4/15)
 Temple: D:4-7

Altars:


Message History

You hit the orc priest.
The orc priest is severely wounded.
The orc priest misses you.
You hit the orc priest but do no damage.
The orc priest is severely wounded.
The orc priest hits you with a +0 hand axe.
You hit the orc priest.
The orc priest is almost dead.
You completely miss the orc priest.
The orc priest is almost dead.
The orc priest invokes the aid of Beogh against you.
Pain shoots through your body!
Ouch! That really hurt!
Some of the chunks of flesh in your inventory have rotted away.
You barely miss the orc priest.
The orc priest is almost dead.
The orc priest mumbles some strange prayers to Beogh against you.
Beogh smites you!
Ouch! That really hurt!
You die...

############# #..)........#
########.#########.# #.....##)#
#.# ##
#.....##)#########.######## ..
+.....)....@ooo............ .#
#.....##.#########.######.#
.#####.....##.# #.#
........#####.# #.# ..#####.##
.... #o#### ..#......#
##.####### #o...+
..#.###..#.#...<....#...........
.##.##............#.##).###.....
.##....#.#.##...#.# #..## ....


You could see an orc priest and 2 orcs.

Vanquished Creatures
  An adder (D:2)
  A worm (D:2)
  A dart slug (D:1)
  A leopard gecko (D:1)
  9 orcs (D:3)
  3 giant cockroaches
  5 goblins
  6 hobgoblins
  A ball python (D:2)
  5 bats
  4 frilled lizards
  3 kobolds
  7 rats (D:1)
47 creatures vanquished.

Notes
Turn   | Place    | Note
-------+----------+-------------------------------------------
     0 | D:1      | Mithandil the Deep Elf Conjurer began the quest for the
                  | Orb.
     0 | D:1      | Reached XP level 1. HP: 10/10 MP: 6/6
   130 | D:1      | Reached XP level 2. HP: 15/15 MP: 5/8
   134 | D:1      | Learned a level 2 spell: Searing Ray
   754 | D:2      | Reached XP level 3. HP: 19/19 MP: 5/10
  1292 | D:2      | Reached skill level 5 in Conjurations
  1645 | D:3      | Reached XP level 4. HP: 24/24 MP: 8/12
  1672 | D:3      | Killed from afar by an orc priest

Levels and vault maps discovered:
D:1:      scummos_arrival_star, layout_loops_ring
D:2:      layout_rooms, dk_noncrumbling_2
D:3:      layout_basic, zin_purify, first_ration, kennysheep_boxes, uniq_sigmund
D:4:      layout_loops_ring, nicolae_qazlal_general_emergency,
          kennysheep_mini_moat, grunt_dithmenos_smoke_and_mirrors,
          old_standard_altar, corexii_shack, minmay_misc_feat_four_crosses,
          kennysheep_generic_room_13

Skill      XL: |  1  2  3 |
---------------+----------+-----
Stealth        | 3 |  3.3
Spellcasting   | 4 |  4.4
Conjurations   | 5 |  5.1
Dodging        | |  2.4

Action                   |  1- 3 |  4- 6 || total
-------------------------+-------+-------++-------
Melee: Unarmed           |     1 |       ||     1
       Dagger            |     1 |     5 ||     6
 Cast: Magic Dart        |    87 |    12 ||    99
  Use: Scroll            |     3 |       ||     3
  Eat: Chunk             |     2 |       ||     2
Dodge: Dodged            |    10 |     5 ||    15

Table legend:
 A = Non-vault XP
 B = Vault XP
 C = Vault XP percentage of total XP
 D = Non-vault monster count
 E = Vault monster count
 F = Vault count percentage of total count
                 A         B        C        D         E       F
            +---------+---------+-------+---------+---------+-------
      Total |     105 |       0 |   0.0 |      47 |       0 |   0.0
            +---------+---------+-------+---------+---------+-------
        D:1 |      37 |       0 |   0.0 |      22 |       0 |   0.0
        D:2 |      30 |       0 |   0.0 |      10 |       0 |   0.0
        D:3 |      38 |       0 |   0.0 |      15 |       0 |   0.0
            +---------+---------+-------+---------+---------+-------
